[Event "Elitserien 2022/2023"]
[Site "Elite Hotel Marina Plaza, Kungstorget 6, Helsingborg, Sweden"]
[Date "2022.10.14"]
[Round "1.1"]
[White "Hauge, Lars Oskar"]
[Black "Gdanski, Jacek"]
[Result "0-1"]
[TimeControl "90 minutes for 40 moves + 30 minutes for the rest of the game + 30 seconds per move from move one."]
[WhiteTitle "GM"]
[BlackTitle "GM"]
[WhiteFideId "1509276"]
[BlackFideId "1100106"]
[WhiteElo "2533"]
[BlackElo "2493"]

1. e4 e6 2. d4 d5 3. Nc3 Bb4 4. e5 b6 5. Qg4 Bf8 6. h4 Qd7 7. h5 h6 8. f4 Ne7 9. Be3 Nbc6 10.
O-O-O Bb7 11. Qh3 O-O-O 12. Kb1 Kb8 13. Nf3 Na5 14. g4 a6 15. Nh4 Qc8 16. f5 c5 17. Ne2 Nc4 18. fxe6 Nxe3 19.
Qxe3 fxe6 20. c3 Rg8 21. g5 Qc6 22. Rg1 hxg5 23. Qxg5 Bc8 24. Nf4 cxd4 25. cxd4 Qa4 26. Bd3 Nc6 27.
Bc2 Qb5 28. Bd3 Qa4 29. Bc2 Qb5 30.
Qg3 Bb4 31. Nhg6 Bd7 32. a3 Ba5 33. Bd3 Qa4 34. Bc2 Qb5 35. Rd3 Rc8 36. Qe3 Rc7 37. Rc1 Rgc8 38. Ne2 Ka7 39. Rb3 Bb4 40.
axb4 Nxb4 41. Bd3 Qa4 42. Ra3 Rxc1+ 43. Nxc1 Qd1 44. Nf4 Ba4 45. Rxa4 Qxa4 46. Nfe2 Nc2 47. Bxc2 Qxc2+ 48. Ka2 Rc4 49.
Nc3 Rb4 0-1

[Event "Elitserien 2022/2023"]
[Site "Elite Hotel Marina Plaza, Kungstorget 6, Helsingborg, Sweden"]
[Date "2022.10.14"]
[Round "1.2"]
[White "Danchevski, Orce"]
[Black "Lokander, Martin"]
[Result "1/2-1/2"]
[TimeControl "90 minutes for 40 moves + 30 minutes for the rest of the game + 30 seconds per move from move one."]
[WhiteTitle "IM"]
[BlackTitle "IM"]
[WhiteFideId "15000311"]
[BlackFideId "1709569"]
[WhiteElo "2332"]
[BlackElo "2453"]

1. d4 d5 2. Nf3 Nf6 3. c4 e6 4. g3 Be7 5. Bg2 O-O 6. O-O c6 7. Nbd2 b6 8. Qc2 c5 9. cxd5 exd5 10.
dxc5 bxc5 11. e4 Nc6 12. exd5 Nxd5 13. a3 g6 14. Ne4 Qb6 15. Bg5 Bf5 16. Qc4 Rad8 17. Bxe7 Ndxe7 18. Nxc5 Qxb2 19.
Nh4 Nd4 20. Ra2 Qb6 21. Rd2 Nb5 22. Nxf5 Nxf5 23. Nd7 Qa5 24.
Rd5 Nfd6 25. Nf6+ Kg7 26. Qf4 Qc3 27. Nh5+ gxh5 28. a4 Nc7 29. Rc1 Ne6 30. Rxc3 Nxf4 31. gxf4 f5 32. Rg3+ Kf6 33.
Rg5 h6 34. Rxh5 Kg6 35. Rh3 Ne4 36. Rhd3 Rxd5 37. Rxd5 Nc3 38. Ra5 Ne2+ 39. Kh1 Rf7 40. Ra6+ Kg7 41. Bf1 Nxf4 42. h3 h5 43.
h4 Re7 44. Kh2 Ng6 45. Kg3 f4+ 46. Kh3 Rc7 47. Bd3 Ne5 48. Be4 Nd7 49. Rg6+ Kf7 50. Rg5 Rc5 51. Bf3 Kf6 52. Rxh5 Ne5 53.
Be4 Rc3+ 54. Kg2 Nd7 55. a5 Rc5 56. Rxc5 Nxc5 57. Bc6 a6 58. Bd5 Ke5 59. Bc4 Nb7 60. Bxa6 Nxa5 61. Kf3 Nb3 62.
Kg4 Nc5 63. Be2 Ne6 64. h5 Kf6 65. Bc4 Ng5 66. Bd3 Ne6 67. h6 Nc5 68. Bf5 f3 69. Kxf3 Nb7 70. Kg4 Nd6 71. Bd3 Nf7 72.
Kh5 Ne5 73. Be4 Nf7 74. f4 Nd6 75. Bd3 Nf7 76. Bg6 Nd6 77. h7 Kg7 78. Kg5 Kh8 79. Kf6 Nc4 80. Kf7 Ne5+ 81. Kf6 Nxg6 1/2-1/2

[Event "Elitserien 2022/2023"]
[Site "Elite Hotel Marina Plaza, Kungstorget 6, Helsingborg, Sweden"]
[Date "2022.10.14"]
[Round "1.3"]
[White "Olund, Joar"]
[Black "Lukez, Franko"]
[Result "1-0"]
[TimeControl "90 minutes for 40 moves + 30 minutes for the rest of the game + 30 seconds per move from move one."]
[WhiteTitle "FM"]
[BlackTitle "FM"]
[WhiteFideId "1714848"]
[BlackFideId "1700626"]
[WhiteElo "2409"]
[BlackElo "2264"]

1. d4 g6 2. e4 Bg7 3. Nc3 d6 4. Be3 a6 5. Qd2 b5 6. h4 h5 7. f3 c6 8. Nh3 Bxh3 9. Rxh3 Nd7 10.
a4 b4 11. Nd1 a5 12. c3 bxc3 13. bxc3 Ngf6 14. Nf2 Qc7 15. Be2 c5 16. g4 hxg4 17. fxg4 cxd4 18. cxd4 Rc8 19. Bb5 Qc3 20.
Rc1 Qxd2+ 21. Bxd2 Rxc1+ 22. Bxc1 Nh7 23. Bb2 e6 24. e5 dxe5 25. dxe5 Bf8 26. Rf3 Bb4+ 27. Ke2 Nhf8 28. Rh3 Kd8 29.
Ne4 Ke7 30. h5 gxh5 31. gxh5 Rg8 32. Rh2 Nh7 33. h6 Nb6 34. Bd3 Nd5 35. Nf6 Nhxf6 36. exf6+ Kd6 37. h7 Rh8 38.
Kf3 e5 39. Ke4 Nxf6+ 40. Kf5 1-0

[Event "Elitserien 2022/2023"]
[Site "Elite Hotel Marina Plaza, Kungstorget 6, Helsingborg, Sweden"]
[Date "2022.10.14"]
[Round "1.4"]
[White "Vernersson, Per"]
[Black "Thorn, Eric"]
[Result "0-1"]
[TimeControl "90 minutes for 40 moves + 30 minutes for the rest of the game + 30 seconds per move from move one."]
[BlackTitle "FM"]
[WhiteFideId "1700863"]
[BlackFideId "1710729"]
[WhiteElo "2264"]
[BlackElo "2342"]

1. Nf3 d5 2. c4 d4 3. d3 c5 4. b4 cxb4 5. a3 bxa3 6. Bxa3 Nc6 7. g3 g6 8. Bg2 Bg7 9. O-O Nf6 10.
Nbd2 Rb8 11. Qc2 O-O 12. Rfb1 b6 13. Ng5 Bd7 14. Nde4 Nh5 15. Ra2 Bh6 16. Nf3 Qc7 17. Bc1 Bg7 18.
Qd1 Rfc8 19. Ne1 a5 20. Rab2 Nb4 21. Bd2 Na6 22. Ra2 h6 23. Bc1 Nb4 24. Raa1 f5 25. Nd2 Nf6 26. Ba3 Nc6 27.
Ra2 Kh7 28. Rab2 e5 29. c5 bxc5 30. Bxc5 Rxb2 31. Rxb2 Be6 32. Bb6 Qd7 33. Qa4 Nd5 34. Nc4 Nc3 35. Qa3 Bxc4 36. dxc4 e4 37. Rd2 Nb1 38. Qc1 Nxd2 39.
Qxd2 Ne5 40. Bxa5 Nxc4 0-1

[Event "Elitserien 2022/2023"]
[Site "Elite Hotel Marina Plaza, Kungstorget 6, Helsingborg, Sweden"]
[Date "2022.10.14"]
[Round "1.5"]
[White "Cederstam, Carl"]
[Black "Krantz, Christopher"]
[Result "1/2-1/2"]
[TimeControl "90 minutes for 40 moves + 30 minutes for the rest of the game + 30 seconds per move from move one."]
[WhiteTitle "FM"]
[WhiteFideId "1713329"]
[BlackFideId "1707876"]
[WhiteElo "2328"]
[BlackElo "2242"]

1. e4 d5 2. exd5 Qxd5 3. Nc3 Qa5 4. d4 Nf6 5. Nf3 Bf5 6. Bc4 e6 7. O-O Bb4 8. Bd2 O-O 9. a3 Bxc3 10.
Bxc3 Qb6 11. a4 a5 12. Ra3 Nc6 13. Nh4 Be4 14. Qd2 Rfd8 15. Rb3 Qa7 16. Rb5 Bd5 17. Bd3 Ne4 18. Qf4 Nxd4 19.
Bxd4 Qxd4 20. Nf3 Qf6 21. Qxc7 Nd6 22. Rxa5 Rac8 23. Qb6 Bxf3 24. gxf3 Nc4 25. Bxc4 Rxc4 26. Qxb7 Rxc2 27. Ra8 g6 28.
a5 Rxa8 29. Qxa8+ Kg7 30. a6 Qg5+ 31. Kh1 Rc1 32. Rxc1 Qxc1+ 33. Kg2 Qg5+ 34. Kf1 Qc1+ 35. Kg2 Qg5+ 36. Kf1 Qc1+ 1/2-1/2

[Event "Elitserien 2022/2023"]
[Site "Elite Hotel Marina Plaza, Kungstorget 6, Helsingborg, Sweden"]
[Date "2022.10.14"]
[Round "1.6"]
[White "Rothen, Hakan"]
[Black "Tuomainen, Felix"]
[Result "0-1"]
[TimeControl "90 minutes for 40 moves + 30 minutes for the rest of the game + 30 seconds per move from move one."]
[WhiteTitle "FM"]
[BlackTitle "FM"]
[WhiteFideId "1700723"]
[BlackFideId "1720813"]
[WhiteElo "2232"]
[BlackElo "2230"]

1. d4 Nf6 2. Bf4 d5 3. e3 e6 4. Nd2 Bd6 5. Bg3 O-O 6. Bd3 b6 7. e4 dxe4 8. Nxe4 Bb7 9. Qf3 Bxe4 10.
Bxe4 Nxe4 11. Qxe4 Nd7 12. Nf3 Re8 13. O-O-O Nf6 14. Qe2 Bxg3 15. hxg3 Qd6 16. Rh4 Rad8 17. Qe5 Qd5 18. b3 c5 19. c4 Qxe5 20. Nxe5 g5 21. Rhh1 Rc8 22. f3 b5 23. dxc5 bxc4 24. Nxc4 Rxc5 25. Rd6 Kg7 26. Kb2 Rb8 27. Kc3 g4 28. Kd4 Rcb5 29. Re1 gxf3 30. gxf3 Rg5 31.
g4 h5 32. gxh5 Rxh5 33. Re5 Rh4+ 34. Kd3 Nd5 35. Rg5+ Kf8 36. Rd7 Rh3 37. Rxa7 Rxf3+ 38. Kd4 Ne7 39. Rc5 Rf1 40. Ne5 Rd8+ 41.
Ke4 Rdd1 42. Nd7+ Kg7 43. Rg5+ Kh6 44. Rg3 Nc6 45. Rh3+ Kg5 46. Rc7 f5+ 47. Ke3 f4+ 48. Ke4 Rd4# 0-1

[Event "Elitserien 2022/2023"]
[Site "Elite Hotel Marina Plaza, Kungstorget 6, Helsingborg, Sweden"]
[Date "2022.10.14"]
[Round "1.7"]
[White "Renman, Nils-Gustaf"]
[Black "Malesevic, Nedeljko"]
[Result "1-0"]
[TimeControl "90 minutes for 40 moves + 30 minutes for the rest of the game + 30 seconds per move from move one."]
[WhiteTitle "IM"]
[BlackTitle "FM"]
[WhiteFideId "1700367"]
[BlackFideId "1703447"]
[WhiteElo "2329"]
[BlackElo "2213"]

1. d4 d5 2. c4 e6 3. Nc3 Nf6 4. Nf3 Be7 5. Bg5 O-O 6. Qc2 c6 7. e3 Ne4 8. Nxe4 dxe4 9. Bxe7 Qxe7 10.
Qxe4 Qb4+ 11. Nd2 Qxb2 12. Rb1 Qc3 13. g4 Qa5 14. Bd3 f5 15. gxf5 exf5 16. Qf4 c5 17. d5 Qc3 18. Ke2 Qf6 19.
Rhg1 Nd7 20. Nf3 h6 21. Rg3 a5 22. Rbg1 Rf7 23. Rg6 Qb2+ 24. Kf1 Qc3 25. Be2 Kh7 26. Qg3 f4 27. Rxh6+ Kg8 28.
Qh4 Qa1+ 29. Ne1 Rf5 30. Rh8+ Kf7 31. Bh5+ 1-0

[Event "Elitserien 2022/2023"]
[Site "Elite Hotel Marina Plaza, Kungstorget 6, Helsingborg, Sweden"]
[Date "2022.10.14"]
[Round "1.9"]
[White "Cicak, Slavko"]
[Black "Akesson, Ralf"]
[Result "1-0"]
[TimeControl "90 minutes for 40 moves + 30 minutes for the rest of the game + 30 seconds per move from move one."]
[WhiteTitle "GM"]
[BlackTitle "GM"]
[WhiteFideId "1700588"]
[BlackFideId "1700120"]
[WhiteElo "2470"]
[BlackElo "2421"]

1. e4 c6 2. d4 d5 3. exd5 cxd5 4. Bd3 Nc6 5. c3 Nf6 6. h3 Qc7 7. Nf3 e6 8. O-O Bd6 9. Re1 Bd7 10.
Qe2 O-O-O 11. Ne5 Be8 12. Nd2 Kb8 13. Ndf3 Ne7 14. Bd2 Nd7 15. Rac1 Nb6 16. b3 f6 17. c4 dxc4 18. Nxc4 Nxc4 19.
Bxc4 Ba3 20. Rc2 Bg6 21. Bd3 Qd6 22. Bxg6 hxg6 23. Qe4 g5 24. h4 Rh5 25. hxg5 Rdh8 26. g3 Rh1+ 27. Kg2 Rxe1 28.
Bxe1 f5 29. Qd3 Nc6 30. Qc4 Re8 31. Bd2 Ka8 32. Qa4 Rd8 33. Qc4 a6 34. Qa4 Qe7 35. Rxc6 bxc6 36. Ne5 1-0

[Event "Elitserien 2022/2023"]
[Site "Elite Hotel Marina Plaza, Kungstorget 6, Helsingborg, Sweden"]
[Date "2022.10.14"]
[Round "1.10"]
[White "Bergstrom, Peter"]
[Black "Von Bahr, Oskar"]
[Result "1/2-1/2"]
[TimeControl "90 minutes for 40 moves + 30 minutes for the rest of the game + 30 seconds per move from move one."]
[WhiteTitle "FM"]
[BlackTitle "IM"]
[WhiteFideId "1702467"]
[BlackFideId "1703250"]
[WhiteElo "2319"]
[BlackElo "2381"]

1. e4 e5 2. Nf3 Nc6 3. Nc3 Nf6 4. d4 exd4 5. Nxd4 Bb4 6. Nxc6 bxc6 7. Bd3 O-O 8. O-O d5 9. exd5 Bg4 10.
Be2 Bxe2 11. Nxe2 cxd5 12. Bg5 Be7 13. Nd4 Qd7 14. Qd3 Qg4 15. h4 Qe4 16. Rfe1 Qxd3 17. cxd3 Rfe8 18. Nc6 Kf8 19.
Rac1 Bd6 20. Bxf6 gxf6 21. Rxe8+ Kxe8 22. b4 Kd7 23. a3 a6 24. Kf1 Re8 25. Na5 Rg8 26. Rc6 Ra8 27. Ke2 Be5 28.
Rc2 Bd4 29. Kf3 Bb6 30. Nb3 a5 31. b5 Re8 32. Rc6 Re1 33. Nc5+ Bxc5 34. Rxc5 Ra1 35. Rxd5+ Ke6 36. Rc5 Rxa3 37. Rxc7 Rxd3+ 38. Ke4 Rb3 39.
Rc6+ Ke7 40. b6 a4 41. Kd5 Rb5+ 42. Kc4 Rb2 43. Kc5 a3 44. Rc7+ Ke6 45. Ra7 Rc2+ 46. Kd4 Rb2 47. Rxa3 Rxb6 48.
Ke3 Rb4 49. g3 Kf5 50. Ra8 Rb3+ 51. Ke2 Rb2+ 52. Kf3 Rb3+ 53. Kg2 h5 54. Rg8 Ra3 55. Rg7 Ra7 56. Rg8 Ra3 57. Kf1 Ra1+ 58.
Ke2 Ra2+ 59. Kf3 Ra3+ 60. Kg2 Rb3 61. Rg7 Rb7 62. Rh7 Kg6 63. Rh8 Rb3 64. Re8 Ra3 65. Re4 f5 66. Rb4 f6 67. Rc4 Rb3 68. Ra4 Rc3 69. Kf1 Rc2 70. Rd4 Ra2 71. Ke1 Rb2 72.
Rd2 Rb4 73. Ke2 f4 74. Kf3 1/2-1/2

[Event "Elitserien 2022/2023"]
[Site "Elite Hotel Marina Plaza, Kungstorget 6, Helsingborg, Sweden"]
[Date "2022.10.14"]
[Round "1.11"]
[White "Lyrberg, Patrik"]
[Black "Norberg, Johan"]
[Result "0-1"]
[TimeControl "90 minutes for 40 moves + 30 minutes for the rest of the game + 30 seconds per move from move one."]
[WhiteTitle "IM"]
[BlackTitle "FM"]
[WhiteFideId "1701975"]
[BlackFideId "1707078"]
[WhiteElo "2449"]
[BlackElo "2275"]

1. d4 d6 2. e4 Nf6 3. Nc3 g6 4. Nf3 Bg7 5. h3 O-O 6. a4 c6 7. Be2 Nbd7 8. O-O e5 9. dxe5 dxe5 10.
Be3 Qe7 11. Qd3 Nh5 12. Qc4 Nf4 13. a5 Re8 14. Rfd1 Bf8 15. Bf1 Nf6 16. Kh2 g5 17. g3 Nxh3 18. Bxh3 g4 19. Nh4 gxh3 20.
Nf5 Qe6 21. Qe2 Nxe4 22. Nxe4 Qxf5 23. Bg5 Be6 24. Nf6+ Kg7 25. Nxe8+ Rxe8 26. Rd8 Rxd8 27. Bxd8 Bc5 28. c3 e4 29.
Rf1 Qf3 30. Qxf3 exf3 31. g4 Bc4 32. Re1 Bxf2 33. Re7 Bc5 0-1

[Event "Elitserien 2022/2023"]
[Site "Elite Hotel Marina Plaza, Kungstorget 6, Helsingborg, Sweden"]
[Date "2022.10.14"]
[Round "1.12"]
[White "Janse, Love"]
[Black "Henriksson, Johan"]
[Result "1/2-1/2"]
[TimeControl "90 minutes for 40 moves + 30 minutes for the rest of the game + 30 seconds per move from move one."]
[BlackTitle "FM"]
[WhiteFideId "1707647"]
[BlackFideId "1703560"]
[WhiteElo "2219"]
[BlackElo "2265"]

1. e4 c6 2. d4 d5 3. f3 e6 4.
Be3 Nf6 5. Nd2 Be7 6. Bd3 b6 7. e5 Nfd7 8. c3 Ba6 9. Bc2 c5 10. f4 g6 11. Ngf3 Nc6 12. a3 cxd4 13. cxd4 Na5 14.
h4 h5 15. Ng5 Bxg5 16. hxg5 Ke7 17. Kf2 Rc8 18. Rc1 Qc7 19. Qf3 Qb7 20. Bb1 Rxc1 21. Rxc1 Rc8 22. Qd1 Rxc1 23. Qxc1 Qc6 24.
Qd1 Nc4 25. Qc2 Nb8 26. Nxc4 dxc4 27. Qe4 Bb7 28. Qxc6 Bxc6 29. Bd2 Kd7 30. Bb4 Bd5 31. g3 Nc6 32. Ke3 Nxb4 33. axb4 Kc6 34. Kd2 Kb5 35. Kc3 a5 36.
bxa5 Kxa5 37. Bc2 b5 38. Bd1 b4+ 39. Kd2 Kb5 40. Be2 Ka5 41. Bd1 Bc6 42. Be2 Bd5 43. Bd1 Kb6 44. Be2 Kc6 45.
Bf1 Kc7 46. Be2 Kb6 47. Bf1 Ka5 48. Be2 Ka4 49. Bd1+ Kb5 50. Be2 Ka5 1/2-1/2

[Event "Elitserien 2022/2023"]
[Site "Elite Hotel Marina Plaza, Kungstorget 6, Helsingborg, Sweden"]
[Date "2022.10.14"]
[Round "1.13"]
[White "Aronsson, Marten"]
[Black "Landgren, Andreas"]
[Result "1/2-1/2"]
[TimeControl "90 minutes for 40 moves + 30 minutes for the rest of the game + 30 seconds per move from move one."]
[WhiteTitle "FM"]
[BlackTitle "FM"]
[WhiteFideId "1724223"]
[BlackFideId "1704311"]
[WhiteElo "2221"]
[BlackElo "2230"]

1. d4 Nf6 2. Nf3 e6 3. g3 d5 4. Bg2 c5 5. O-O Nc6 6. c4 dxc4 7. dxc5 Qxd1 8. Rxd1 Bxc5 9. Nbd2 c3 10.
bxc3 O-O 11. Ne1 Bd7 12. Nd3 Be7 13. Nc4 Rfd8 14. Rb1 b6 15. Ba3 Rac8 16. Nd6 Bxd6 17. Bxd6 Be8 18. Nb4 Nxb4 19.
Bxb4 Ba4 20. Rxd8+ Rxd8 21. c4 Rc8 22. Rc1 Nd7 23. Ba3 f6 24. f4 Kf7 25. Kf2 Nc5 1/2-1/2

[Event "Elitserien 2022/2023"]
[Site "Elite Hotel Marina Plaza, Kungstorget 6, Helsingborg, Sweden"]
[Date "2022.10.14"]
[Round "1.14"]
[White "Adahl, Mattias"]
[Black "Andersson, Fredrik"]
[Result "1-0"]
[TimeControl "90 minutes for 40 moves + 30 minutes for the rest of the game + 30 seconds per move from move one."]
[BlackTitle "FM"]
[WhiteFideId "1702688"]
[BlackFideId "1706187"]
[WhiteElo "2104"]
[BlackElo "2268"]

1. d4 d5 2. Nf3 Nf6 3. c3 e6 4. Bg5 Be7 5. Nbd2 O-O 6. Qc2 c5 7. Bxf6 Bxf6 8. dxc5 Nd7 9. b4 Qc7 10.
g4 b6 11. g5 Be7 12. cxb6 axb6 13. Rb1 Bb7 14. Rg1 Ra3 15. Rc1 Rfa8 16. h4 Rxa2 17. Qd1 Bc6 18. Nb1 Ba4 19. Qd4 Rb2 20.
Qe3 Rc8 21. Bh3 Bc2 22. Rxc2 Rxc2 23. Kf1 Rb2 24. Kg2 Ra8 25. h5 Ra1 26. g6 Rbxb1 27. gxf7+ Kf8 28. Rxb1 Rxb1 29.
Qd3 Rc1 30. Qxh7 Kxf7 31. Qg6+ Kf8 32. Bxe6 Qf4 33. Bxd7 Qf7 34. Qg4 Bf6 35. Be6 Qe7 36. h6 g5 37. Qf5 Ke8 38. h7 Rxc3 39.
Nxg5 Qg7 40. h8=Q+ Qxh8 41. Qg6+ Ke7 42. Qf7+ Kd6 43. Qd7+ Ke5 44. Nf7+ 1-0

[Event "Elitserien 2022/2023"]
[Site "Elite Hotel Marina Plaza, Kungstorget 6, Helsingborg, Sweden"]
[Date "2022.10.14"]
[Round "1.15"]
[White "Glimbrant, Torbjorn"]
[Black "Eriksson, Anders"]
[Result "1-0"]
[TimeControl "90 minutes for 40 moves + 30 minutes for the rest of the game + 30 seconds per move from move one."]
[BlackTitle "FM"]
[WhiteFideId "1700995"]
[BlackFideId "1701053"]
[WhiteElo "2133"]
[BlackElo "2197"]

1. c4 Nf6 2. Nf3 c5 3. Nc3 e6 4. g3 b6 5. Bg2 Bb7 6. O-O Be7 7. b3 O-O 8. Bb2 d6 9. e3 Nbd7 10.
d4 cxd4 11. Nxd4 Bxg2 12. Kxg2 Qc7 13. f4 g6 14. Qf3 Rac8 15. Ncb5 Qb8 16. Nc6 Rxc6 17. Qxc6 a6 18. Bxf6 Nxf6 19.
Nd4 d5 20. Rac1 Bc5 21. h3 Rc8 22. Qa4 Qb7 23. Kh2 Rb8 24. Qc6 Qe7 25. Rfe1 Rd8 26. Qa4 Qb7 27. Nc6 Rc8 28. Ne5 b5 29.
cxb5 axb5 30. Qa5 Ne4 31. Re2 b4 32. Nd3 Bd6 33. Rxc8+ Qxc8 34. Qb6 g5 35. Qd4 h5 36. Rg2 Kh7 37.
Nf2 Nc3 38. fxg5 Qc7 39. Qf6 Ne2 40. Qh6+ Kg8 41. Nh1 Nxg3 1-0

[Event "Elitserien 2022/2023"]
[Site "Elite Hotel Marina Plaza, Kungstorget 6, Helsingborg, Sweden"]
[Date "2022.10.14"]
[Round "1.17"]
[White "Bjerre, Jonas Buhl"]
[Black "Hector, Jonny"]
[Result "1-0"]
[TimeControl "90 minutes for 40 moves + 30 minutes for the rest of the game + 30 seconds per move from move one."]
[WhiteTitle "GM"]
[BlackTitle "GM"]
[WhiteFideId "1444948"]
[BlackFideId "1700090"]
[WhiteElo "2598"]
[BlackElo "2454"]

1. e4 e5 2. Nf3 Nc6 3. Bb5 a6 4. Ba4 Nf6 5. O-O Nxe4 6. d4 b5 7. Bb3 d5 8. dxe5 Be6 9. c3 Bc5 10. Nbd2 O-O 11. Bc2 Nxf2 12.
Rxf2 f6 13. Nf1 Bxf2+ 14. Kxf2 fxe5 15. Kg1 Bg4 16. Ne3 Be6 17. b3 e4 18. Nd4 Nxd4 19. Qxd4 Qd6 20. b4 Qf4 21. Bd2 Qf2+ 22.
Kh1 Rf7 23. Be1 Qe2 24. Bg3 Raf8 25. Re1 Qh5 26. a4 Qg5 27. axb5 axb5 28. Qc5 h5 29. Rg1 h4 30. Be1 h3 31.
gxh3 Qe7 32. Qxe7 Rxe7 33. Bd1 Bxh3 34. Bg3 Rd7 35. Be5 c6 36. Rg3 Be6 37. Rg6 Re8 38. Bh5 Ree7 39. Bd4 Kh7 40.
Kg2 Rc7 41. Rg5 Rc8 42. Kg3 Rec7 43. Kf4 Rf8+ 44. Ke5 Bh3 45. Kd6 Rfc8 46. Bg6+ Kg8 47. Nf5 c5 48. Ne7+ Rxe7 49. Kxe7 Rc7+ 50.
Kd6 1-0

[Event "Elitserien 2022/2023"]
[Site "Elite Hotel Marina Plaza, Kungstorget 6, Helsingborg, Sweden"]
[Date "2022.10.14"]
[Round "1.18"]
[White "Lindgren, Philip"]
[Black "Blomqvist, Erik"]
[Result "1/2-1/2"]
[TimeControl "90 minutes for 40 moves + 30 minutes for the rest of the game + 30 seconds per move from move one."]
[WhiteTitle "IM"]
[BlackTitle "GM"]
[WhiteFideId "1713230"]
[BlackFideId "1709437"]
[WhiteElo "2382"]
[BlackElo "2523"]

1. Nf3 d5 2. e3 Nf6 3. b3 Bf5 4. Bb2 e6 5. Be2 h6 6. c4 c6 7. Nc3 Nbd7 8. d4 Bd6 9. O-O O-O 10.
Nd2 Qe7 11. Re1 Rfd8 12. a3 a5 13. Bf3 Ne4 14. Ndxe4 dxe4 15. Nxe4 Bxh2+ 16. Kxh2 Bxe4 17. Kg1 Nc5 18. Bxe4 Nxe4 19.
Qc2 f5 20. Rad1 Rd7 21. Rd3 h5 22. Red1 h4 23. f3 Ng3 24. Qf2 Rf8 25. d5 exd5 26. cxd5 Rfd8 27. Qe1 Rxd5 28. Rxd5 cxd5 29.
Kf2 b6 30. Qd2 Rd6 31. Qd4 Kh7 32. Rc1 Rg6 33. Qf4 h3 34. gxh3 Nh5 35. Qd4 Qg5 36. Ke2 Qg2+ 37. Kd3 Qxf3 38.
Kc2 Ng3 39. Kb1 Ne4 40. Rc7 Qg3 41. Rf7 a4 42. Rxf5 Qe1+ 43. Ka2 Rg1 44. Rh5+ Kg6 45. Qxg7+ Kxh5 46. Qh8+ Kg5 47. Qd8+ Kg6 48.
Qg8+ Kh6 49. Qh8+ Kg5 50. Qd8+ Kh5 51. Qh8+ Kg5 52. Qd8+ 1/2-1/2

[Event "Elitserien 2022/2023"]
[Site "Elite Hotel Marina Plaza, Kungstorget 6, Helsingborg, Sweden"]
[Date "2022.10.14"]
[Round "1.19"]
[White "Neiksans, Arturs"]
[Black "Domingo Nunez, Ruben"]
[Result "1/2-1/2"]
[TimeControl "90 minutes for 40 moves + 30 minutes for the rest of the game + 30 seconds per move from move one."]
[WhiteTitle "GM"]
[BlackTitle "FM"]
[WhiteFideId "11601388"]
[BlackFideId "22245570"]
[WhiteElo "2594"]
[BlackElo "2369"]

1. e4 c5 2. Nf3 Nc6 3. Bb5 g6 4. Bxc6 bxc6 5. O-O Bg7 6. Re1 Nh6 7. c3 O-O 8. h3 f5 9. e5 Nf7 10.
d3 h6 11. Na3 g5 12. Nc4 d5 13. exd6 exd6 14. d4 g4 15. hxg4 fxg4 16. Nh2 cxd4 17. cxd4 h5 18. Be3 Be6 19.
Rc1 Bd5 20. Nf1 Qh4 21. Qd2 Qf6 22. Ng3 h4 23. Nh5 Qf5 24. Nxg7 Kxg7 25. Bf4 h3 26. Nxd6 Nxd6 27. Bxd6 hxg2 28.
Bxf8+ Rxf8 29. Re5 Rh8 30. Qg5+ Qxg5 31. Rxg5+ Kf6 32. Rxd5 cxd5 33. Rc7 Rb8 34. b3 a5 35. Ra7 Kf5 36. Re7 a4 37. Kxg2 axb3 38. axb3 Rxb3 39.
Re5+ Kf4 40. Rxd5 g3 41. fxg3+ Rxg3+ 42. Kf2 Ke4 43. Kxg3 Kxd5 44. Kf4 Kxd4 1/2-1/2

[Event "Elitserien 2022/2023"]
[Site "Elite Hotel Marina Plaza, Kungstorget 6, Helsingborg, Sweden"]
[Date "2022.10.14"]
[Round "1.20"]
[White "Jepson, Christian"]
[Black "Barkhagen, Jonas"]
[Result "1-0"]
[TimeControl "90 minutes for 40 moves + 30 minutes for the rest of the game + 30 seconds per move from move one."]
[WhiteTitle "IM"]
[BlackTitle "IM"]
[WhiteFideId "1701185"]
[BlackFideId "1700855"]
[WhiteElo "2401"]
[BlackElo "2424"]

1. Nf3 Nf6 2. c4 b6 3. g3 c5 4. Bg2 Bb7 5. O-O g6 6. b3 Bg7 7. Bb2 O-O 8. d4 cxd4 9. Qxd4 d6 10.
Rd1 Nbd7 11. Nc3 Ne4 12. Qe3 Nxc3 13. Bxc3 Bxc3 14. Qxc3 Bxf3 15. Bxf3 Rc8 16. a4 Rc5 17. Rd4 Qc7 18.
Rad1 b5 19. axb5 Rxb5 20. Bd5 Nf6 21. R1d3 Rc5 22. Qd2 a5 23. Qh6 Rc8 24. Rf3 Qd8 25. Rxf6 exf6 26. Rh4 Rxd5 27. cxd5 f5 28.
e4 Qd7 29. Qxh7+ Kf8 30. e5 Ke7 31.
e6 Qe8 32. Ra4 Rc5 33. Qh4+ Kf8 34. Qh8+ Ke7 35. Qh4+ Kf8 36. Qf6 Rxd5 37. Rh4 Rd1+ 38. Kg2 Qc6+ 1-0

[Event "Elitserien 2022/2023"]
[Site "Elite Hotel Marina Plaza, Kungstorget 6, Helsingborg, Sweden"]
[Date "2022.10.14"]
[Round "1.21"]
[White "Trost, Edvin"]
[Black "Brynell, Stellan"]
[Result "1/2-1/2"]
[TimeControl "90 minutes for 40 moves + 30 minutes for the rest of the game + 30 seconds per move from move one."]
[WhiteTitle "FM"]
[BlackTitle "GM"]
[WhiteFideId "1729519"]
[BlackFideId "1700219"]
[WhiteElo "2340"]
[BlackElo "2383"]

1. d4 Nf6 2. c4 e6 3. Nf3 d5 4. g3 dxc4 5. Bg2 c5 6. O-O Nc6 7. dxc5 Qxd1 8. Rxd1 Bxc5 9. Nfd2 O-O 10.
Nxc4 Rd8 11. Rxd8+ Nxd8 12. Nc3 Bd7 13. Na5 Ng4 14. Ne4 Bb4 15. Bd2 Bxd2 16. Nxd2 Rc8 17. Nxb7 Nxb7 18. Bxb7 Rc2 19.
Rd1 Rxb2 20. Bf3 Ne5 21. Nc4 Nxf3+ 22. exf3 Rb7 23. Nd6 Rc7 24. Nb5 Rb7 25. Nd6 Rc7 26. Nb5 Rb7 27. Nd6 1/2-1/2

[Event "Elitserien 2022/2023"]
[Site "Elite Hotel Marina Plaza, Kungstorget 6, Helsingborg, Sweden"]
[Date "2022.10.14"]
[Round "1.22"]
[White "Ziegler, Ari"]
[Black "Sorensen, Hampus"]
[Result "0-1"]
[TimeControl "90 minutes for 40 moves + 30 minutes for the rest of the game + 30 seconds per move from move one."]
[WhiteTitle "IM"]
[BlackTitle "IM"]
[WhiteFideId "1700987"]
[BlackFideId "8703884"]
[WhiteElo "2311"]
[BlackElo "2396"]

1. e4 e5 2. Nf3 Nc6 3. Bb5 a6 4.
Ba4 Nf6 5. O-O Bc5 6. d3 b5 7. Bb3 d6 8. Nc3 h6 9. a4 b4 10. Ne2 O-O 11. Be3 Ba7 12. Ng3 a5 13. Qd2 Ng4 14.
Bxa7 Rxa7 15. d4 exd4 16. Bd5 Ne7 17. Nxd4 Bd7 18. Bb3 Nf6 19. Rad1 c5 20. Nde2 Ra6 21. f4 Qc8 22. e5 Ne8 23.
Bc4 Rb6 24. Ne4 Qc6 25. N2g3 d5 26.
Bxd5 Nxd5 27. Qxd5 Qxd5 28. Rxd5 Bxa4 29. Rxc5 Bb5 30. Ra1 a4 31. Nf5 Kh7 32. Ne7 f5 33. Ng3 Bd7 34. Ne2 Rb7 35.
Nd5 g5 36. Nd4 Ng7 37. g3 Rd8 38. Kf2 Kh8 39. Ke3 Be8 40. Rc7 Rbb8 41. Rxg7 Rxd5 42. Rc7 Bd7 43. c3 bxc3 44. bxc3 Be8 45.
Nxf5 Ra8 46. Ra3 Rd1 47. Nd4 Rh1 48. f5 Re1+ 49. Kd3 Rxe5 50. g4 Re1 51. Rb7 Rg1 52. h3 Rh1 53. Kc4 Rxh3 54.
f6 Bg6 55. Kb4 Rh1 56. Kc5 Rf1 57. Rb6 Rc8+ 58. Rc6 Rxc6+ 59. Nxc6 Rxf6 60. Rxa4 Rxc6+ 0-1